 Dungeon Crawl Stone Soup version 0.32-a0-422-g28b100f618 (webtiles) character file.

Game seed: 17524883065800604607

63 croobank the Firebug (level 3, -3/26 HPs)
             Began as a Draconian Fire Elementalist on Feb 21, 2024.
             Slain by a cerulean imp
             ... wielding a +2 spear
             ... summoned by Natasha
              (5 damage)
             ... on level 2 of the Dungeon.
             The game lasted 00:04:16 (1862 turns).

croobank the Firebug (Draconian Fire Elementalist)  Turns: 1862, Time: 00:04:17

Health: -3/26      AC:  5    Str: 10    XL:     3   Next: 87%
Magic:  5/6        EV: 12    Int: 17    God:
Gold:   49         SH:  0    Dex: 11    Spells: 5/6 levels left

rFire   . . .        o - +0 short sword
rCold   . . .        (no shield)
rNeg    . . .        (body armour unavailable)
rPois   .            (helmet restricted)
rElec   .            (no cloak)
rCorr   .            (no gloves)
SInv    .            (no boots)
Will    .....        (no amulet)
Stlth   ++           (no ring)
HPRegen 0.24/turn    (no ring)
MPRegen 0.10/turn

%: no passive effects
@: brilliant, attractive, slowed, very slow
A: AC +5, unfitting armour, cold-blooded
a: no special abilities


You were on level 2 of the Dungeon.
You visited 1 branch of the dungeon, and saw 2 of its levels.

You collected 49 gold pieces.

Inventory:

Hand Weapons
 i - a +0 whip
 o - a +0 short sword (weapon)
Missiles
 h - 2 poisoned darts
 l - 5 javelins
Jewellery
 f - an amulet of faith
Wands
 p - a wand of charming (6)
Scrolls
 b - a scroll of blinking {unknown}
 e - a scroll of amnesia {unknown}
 j - 2 scrolls of identify {unknown}
 n - a scroll of teleportation {unknown}
Potions
 a - a potion of magic
 c - a potion of attraction
 g - a potion of enlightenment {unknown}
 k - a potion of curing {unknown}
 m - a potion of haste {unknown}


   Skills:
 + Level 2.3 Dodging
 + Level 2.4 Stealth
 + Level 2.4 Spellcasting
 + Level 1.8 Conjurations
 + Level 3.4 Fire Magic


You had 5 spell levels left.
You knew the following spells:

 Your Spells              Type           Power      Damage    Failure   Level
a - Foxfire               Conj/Fire      64%        2x1d7     6%          1

Your spell library contained the following spells:

 Spells                   Type           Power      Damage    Failure   Level
 Scorch                   Fire           40%        2d6       7%          2
 Inner Flame              Hex/Fire       11%        N/A       28%         3
 Volatile Blastmotes      Fire/Tloc      22%        2d11      28%         3
 Flame Wave               Conj/Fire      16%        2d7       54%         4


Dungeon Overview and Level Annotations

Branches:
Dungeon (2/15)

Altars:

Shops:
D:1 :

Annotations:
D:2 Natasha


Innate Abilities, Weirdness & Mutations

Your plain brown scales are hard. (AC +5)
You cannot fit into any form of body armour.
You are cold-blooded and may be slowed by cold attacks.


Message History

Natasha claws you.
The cerulean imp hits you from afar with a +1 spear.
Natasha stares at you and mumbles some strange words.
You feel yourself slow down.
Natasha wildly gestures.
You feel troubled.
Natasha casts a spell.
Natasha casts a spell at you. The magic dart hits you.
Natasha attacks as she pursues you! Natasha closely misses you. x2
The cerulean imp hits you from afar with a +1 spear.
The cerulean imp attacks as it pursues you!
The cerulean imp hits you from afar with a +1 spear.
* * * LOW HITPOINT WARNING * * *
Natasha howls an incantation.
You feel troubled. Natasha claws you but does no damage.
The cerulean imp disappears in a puff of smoke!
Natasha attacks as she pursues you! Natasha barely misses you.
Natasha attacks as she pursues you! Natasha closely misses you.
Natasha casts a spell.
The cerulean imp hits you from afar with a +2 spear.
* * * LOW HITPOINT WARNING * * *
Casting: Foxfire (safe; 6% risk of failure)
Confirm with . or Enter, or press ? or * to list all spells.
You conjure some foxfire!
The cerulean imp disappears in a puff of smoke!
Natasha barely misses you. The cerulean imp barely misses you.
The cerulean imp closely misses you. Natasha claws you.
* * * LOW HITPOINT WARNING * * *
It was a potion of attraction.
You feel attractive to monsters.
The foxfire hits Natasha.
Natasha is moderately wounded.
The cerulean imp barely misses you. x2; Natasha closely misses you.
The cerulean imp hits you but does no damage.
It was a potion of brilliance.
You feel clever all of a sudden.
The cerulean imp hits you from afar with a +2 spear.
You die...

###
#.###########5#
#..........5h@#
#.###########.#
#.# #.# #.# #.#
#.# #.# ### #.#


You could see Natasha and 2 cerulean imps.

Vanquished Creatures
  An adder (D:2)
  A dart slug (D:1)
  A ribbon worm (D:2)
  2 ball pythons
  3 bats
  2 endoplasms
  A giant cockroach (D:1)
  2 goblins (D:1)
  4 hobgoblins
  3 kobolds
  5 frilled lizards
  4 rats
29 creatures vanquished.

Vanquished Creatures (others)
  91 foxfires
91 creatures vanquished.

Grand Total: 120 creatures vanquished

Notes
Turn   | Place    | Note
-------+----------+-------------------------------------------
     0 | D:1      | croobank the Draconian Fire Elementalist began the quest
                  | for the Orb.
     0 | D:1      | Reached XP level 1. HP: 14/14 MP: 3/3
   142 | D:1      | Reached XP level 2. HP: 20/20 MP: 0/5
   332 | D:1      | Found a transporter.
   432 | D:1      | Found Duot's Book Boutique.
   494 | D:1      | Found a transporter.
   827 | D:1      | Reached XP level 3. HP: 26/26 MP: 4/6
  1206 | D:2      | Found the +4 Cigotuvi's embrace {Corpsefed rMiasma ^Drain
                  | rN+}
  1835 | D:2      | Noticed Natasha
  1862 | D:2      | Slain by a cerulean imp

Illustrated notes

Levels and vault maps discovered:
D:1:      dpeg_arrival_pits, layout_loops_cross, serial_shops,
          nicolae_shop_drivethru, minmay_misc_feat_more_columns
D:2:      layout_basic, uniq_natasha, uniq_robin

Skill      XL: |  1  2 |
---------------+-------+-----
Stealth        | 2 |  2.4
Dodging        | 2 |  2.3
Spellcasting   | |  2.4
Conjurations   | |  1.8
Fire Magic     | |  3.4

Action                     || total
---------------------------++-------
  Melee: Unarmed           ||     4
         Tailslap          ||     4
         Short sword       ||    25
         Whip              ||     1
   Cast: Foxfire           ||    57
    Use: Potion            ||     2
 Armour: Skin              ||    31
  Dodge: Dodged            ||    35

Table legend: (Time is in decaauts)
 A = Elapsed time spent in this place.
 B = Non-inter-level travel time spent in this place.
 C = Inter-level travel time spent in this place.
 D = Time resting spent in this place.
 E = Time spent auto-exploring this place.
 F = Levels seen in this place.
 G = Mean time per level.
                   A        B        C        D        E       F      G
               +--------+--------+--------+--------+--------+-----+--------+
         Total |   1865 |   1836 |     29 |    724 |    766 |   2 |  932.5 |
       Dungeon |   1865 |   1836 |     29 |    724 |    766 |   2 |  932.5 |
               +--------+--------+--------+--------+--------+-----+--------+

Top non-repeatable levels by time:
     D:1: 1036 daAuts
     D:2: 829 daAuts
